 Dungeon Crawl Stone Soup version 0.27-a0-1051-g288ea87c7c (webtiles) character file.

Game seed: 7181290005037730044

445 jasper the Skirmisher (level 6, 0/56 HPs)
             Began as a Demonspawn Artificer on Apr 20, 2021.
             Succumbed to a water moccasin's poison
             ... on level 5 of the Dungeon.
             The game lasted 00:09:18 (5106 turns).

jasper the Skirmisher (Demonspawn Artificer)        Turns: 5106, Time: 00:09:19

Health: 0/56       AC:  6    Str: 13    XL:     6   Next: 72%
Magic:  6/6        EV: 10    Int: 14    God:
Gold:   252        SH:  0    Dex: 13    Spells: 3/5 levels left

rFire    . . .     SeeInvis .   i - +1 dagger (venom)
rCold    . . .     Faith    .   (no shield)
rNeg     + . .     Spirit   .   p - +0 ring mail
rPois    .         Reflect  .   (no helmet)
rElec    .         Harm     .   (no cloak)
rCorr    .         Rampage  .   (no gloves)
Will     .....                  (no boots)
Stlth    +.........             (no amulet)
HPRegen  0.18/turn              h - ring of positive energy
MPRegen  0.10/turn              (no ring)

@: lethally poisoned (0 -> -1)
A: hooves 1, rugged brown scales 1, demonic guardian 1
a: no special abilities


You were on level 5 of the Dungeon.
You visited 2 branches of the dungeon, and saw 6 of its levels.

You collected 252 gold pieces.

Inventory:

Hand Weapons
 a - a +0 club
 i - a +1 dagger of venom (weapon)
Missiles
 c - 6 poisoned darts
 g - 96 stones
Armour
 b - a +0 leather armour
 p - a +0 ring mail (worn)
Jewellery
 h - a ring of positive energy (left hand)
Wands
 d - a wand of charming (11) (quivered)
Scrolls
 j - 2 scrolls of summoning
 l - 2 scrolls of identify
 o - a scroll of torment
Potions
 f - a potion of flight
Miscellaneous
 e - a piece from Xom's chessboard (8/15)


   Skills:
 + Level 7.1 Fighting
 - Level 1.7 Armour
 - Level 0.8 Dodging
 - Level 0.8 Stealth
 - Level 3.0 Evocations


You had 3 spell levels left.
You knew the following spells:

 Your Spells              Type           Power      Damage    Failure   Level
a - Wereblood             Tmut           0%         N/A       67%         2

Your spell library contained the following spells:

 Spells                   Type           Power      Damage    Failure   Level
 Beastly Appendage        Tmut           0%         N/A       52%         1
 Corona                   Hex            0%         N/A       52%         1
 Ensorcelled Hibernation  Hex/Ice        0%         N/A       67%         2
 Confusing Touch          Hex            0%         N/A       88%         3
 Dazzling Flash           Conj/Hex       0%         N/A       88%         3
 Spider Form              Tmut/Pois      0%         N/A       88%         3
 Tukima's Dance           Hex            0%         N/A       88%         3
 Ice Form                 Ice/Tmut       0%         N/A       99%         4
 Hydra Form               Tmut           0%         N/A       100%        5


Dungeon Overview and Level Annotations

Branches:
Dungeon (5/15)             Temple (1/1) D:5

Altars:
Ashenzari
Elyvilon
Hepliaklqana
Kikubaaqudgha
Nemelex Xobeh
Okawaru
Qazlal
Ru
Wu Jian
Xom
The Shining One


Innate Abilities, Weirdness & Mutations

You have large cloven feet.
You are partially covered in rugged brown scales. (AC +1, +3% HP)
A weak demonic guardian rushes to your aid.


Message History

Your shadow imp convulses!
You kill your shadow imp!
It was a scroll of holy word.
* * * LOW HITPOINT WARNING * * *
You feel sick. The adder barely misses you.
The water moccasin closely misses you. The adder bites you but does no damage.
You take 6 damage, and have 5/56 hp.
Okay, then.
Okay, then.
Okay, then.
* * * LOW HITPOINT WARNING * * *
You feel sick.
You take 1 damage, and have 4/56 hp.
* * * LOW HITPOINT WARNING * * *
You feel sick.
Unknown command.
Okay, then.
Unknown command.
Aiming: Charm
Press: ? - help, Shift-Dir - straight line, f - adder
Aim: an adder (chance to affect: 63%)
The adder is charmed.
* * * LOW HITPOINT WARNING * * *
You feel sick.
Your adder bites the water moccasin.
You take 1 damage, and have 3/56 hp.
* * * LOW HITPOINT WARNING * * *
You feel sick.
Something misses the water moccasin.
Something bites the water moccasin but does no damage.
You take 1 damage, and have 2/56 hp.
You make a move on Xom's chessboard...
The water moccasin is moving more slowly.
* * * LOW HITPOINT WARNING * * *
You feel sick.
Something bites the water moccasin.
The water moccasin closely misses something.
You take 1 damage, and have 1/56 hp.
Aiming: Charm
Press: ? - help, Shift-Dir - straight line, f - water moccasin
Aim: a water moccasin (severely wounded, strong, petrifying slowly, poisoned, slow, chance to affect: 54%)
The water moccasin resists with significant effort.
You die...

##...### #.....### ###
####...###.......#####≈≈≈
# ###...#......##.#≈≈≈#
####...###.........≈≈##
##...### #.###....≈≈..#.≈
#...## #.######...≈≈≈#
##...### #...####..###≈#
###...###.....S.....#≈#
## ###...###..S#@.....#
.# ##....##...#..#...#
#####.....###..##.##..#
.##...##...###.....#..#
#......##...##........#
..####†....##.........#
≈≈≈≈###....###.#.......
..### #....##.#.......
.... .......#..#....


You could see a water moccasin (strong, petrifying, poisoned, slow).

Vanquished Creatures
  An ice beast (D:5)
  2 scorpions
  2 hounds (D:5)
  A hound skeleton (D:4)
  5 adders
  A gnoll (D:2)
  An adder zombie (D:4)
  2 dart slugs
  6 orcs
  5 ball pythons
  4 endoplasms
  4 giant cockroaches
  6 goblins
  5 hobgoblins
  A jackal (D:1)
  3 kobolds
  3 quokkas (D:1)
  10 bats
  A jackal skeleton (D:4)
  5 rats
68 creatures vanquished.

Vanquished Creatures (collateral kills)
  A scorpion zombie (D:5)
  An adder (D:2)
  2 jackals (D:1)
4 creatures vanquished.

Grand Total: 72 creatures vanquished

Notes
Turn   | Place    | Note
-------+----------+-------------------------------------------
     0 | D:1      | jasper the Demonspawn Artificer began the quest for the
                  | Orb.
     0 | D:1      | Reached XP level 1. HP: 15/15 MP: 1/1
    86 | D:1      | Reached skill level 2 in Fighting
   150 | D:1      | Gained mutation: A weak demonic guardian rushes to your
                  | aid. [demonic ancestry]
   150 | D:1      | Reached XP level 2. HP: 22/22 MP: 2/2
   798 | D:1      | Reached skill level 3 in Fighting
   912 | D:1      | Gained mutation: You have large cloven feet. [demonic
                  | ancestry]
   912 | D:1      | Reached XP level 3. HP: 26/29 MP: 3/3
   915 | D:1      | Learned a level 2 spell: Wereblood
  2092 | D:2      | Found a faded altar of an unknown god.
  2720 | D:2      | Reached skill level 4 in Fighting
  2720 | D:2      | Reached XP level 4. HP: 16/37 MP: 4/4
  3377 | D:4      | Found a sacrificial altar of Ru.
  3850 | D:4      | Noticed a scorpion
  3857 | D:4      | Killed a scorpion
  3858 | D:4      | Reached skill level 5 in Fighting
  3858 | D:4      | Gained mutation: You are partially covered in rugged brown
                  | scales. (AC +1, +3% HP) [demonic ancestry]
  3858 | D:4      | Reached XP level 5. HP: 26/45 MP: 5/5
  4299 | D:5      | Entered Level 5 of the Dungeon
  4389 | D:5      | Found a staircase to the Ecumenical Temple.
  4407 | Temple   | Entered the Ecumenical Temple
  4515 | D:5      | Reached skill level 6 in Fighting
  4515 | D:5      | Reached XP level 6. HP: 43/53 MP: 6/6
  4767 | D:5      | Noticed an ice beast
  4795 | D:5      | Killed an ice beast
  4796 | D:5      | Reached skill level 7 in Fighting
  5082 | D:5      | Noticed a water moccasin
  5104 | D:5      | HP: 2/56 [poisoned by a water moccasin]
  5106 | D:5      | Succumbed to a water moccasin's poison

Illustrated notes

Levels and vault maps discovered:
D:1:      scummos_arrival_checkerplants, layout_basic
D:2:      layout_basic, hellmonk_ecumenical_altar_pennies_from_heaven
D:3:      layout_loops_corners, fedhas_altar_3, serial_park_tiny_2
D:4:      layout_basic, nicolae_ru_sacrificial_ziggurat,
          minmay_stone_trees_medium, grunt_ministairs_4
D:5:      layout_cave_pools, minmay_temple_entry_statues_fountains,
          serial_rivers, chequers_serial_rivers_micro_a,
          chequers_serial_rivers_small_b, chequers_serial_rivers_micro_c,
          chequers_serial_rivers_micro_a, chequers_serial_rivers_micro_a,
          minivault_4, eino_curves_03
Temple:   jpeg_temple_alley_garden

Skill      XL: |  1  2  3  4  5  6 |
---------------+-------------------+-----
Fighting       | 2 3 4 5 6 7 |  7.1
Armour         | |  1.7
Dodging        | |  0.8
Stealth        | |  0.8
Evocations     | |  3.0

Action                   |  1- 3 |  4- 6 || total
-------------------------+-------+-------++-------
Melee: Dagger            |    67 |   130 ||   197
       Club              |    12 |       ||    12
       Kick              |     7 |    45 ||    52
Evoke: Wand              |    17 |    14 ||    31
       Piece from Xom's  |     1 |    10 ||    11
  Use: Scroll            |     4 |     7 ||    11
       Potion            |       |     2 ||     2
 Stab: Sleeping          |     1 |       ||     1
       Distracted        |     1 |       ||     1
       Confused          |       |     2 ||     2
Armor: Leather armour    |    17 |    11 ||    28
       Ring mail         |       |    18 ||    18
Dodge: Dodged            |    41 |    59 ||   100

Table legend: (Time is in decaauts)
 A = Elapsed time spent in this place.
 B = Non-inter-level travel time spent in this place.
 C = Inter-level travel time spent in this place.
 D = Time resting spent in this place.
 E = Time spent auto-exploring this place.
 F = Levels seen in this place.
 G = Mean time per level.
                   A        B        C        D        E       F      G
               +--------+--------+--------+--------+--------+-----+--------+
         Total |   5111 |   4871 |    240 |   1353 |   2890 |   6 |  851.8 |
       Dungeon |   5018 |   4817 |    201 |   1353 |   2856 |   5 | 1003.6 |
        Temple |     92 |     53 |     39 |      0 |     34 |   1 |   92.0 |
               +--------+--------+--------+--------+--------+-----+--------+

Top non-repeatable levels by time:
     D:2: 1481 daAuts
     D:1: 1458 daAuts
     D:4: 1136 daAuts
     D:5: 714 daAuts
     D:3: 227 daAuts
  Temple: 92 daAuts
